Map: Eastwatch LE

Players

SpaceCadet - Winner!

  • Race: Protoss Protoss
  • League: Silver
  • Spawn Location: 7:00

A.I. 1 (Harder)

  • Race: Protoss Protoss
  • Spawn Location: 1:00

VOD

Have the link to the VOD?

Description

Time

  • Played on: Feb. 21, 2018, 7:44 a.m.
  • Length: 9:42
Show
View Real Time Build Order
Export as new Build Order

SpaceCadet Protoss - Winner!

Build Orders: Dark Templar Rush 

Get SALT Encoding   

  12  0:01  Probe (Chrono Boost)  
  13  0:13  Probe (Chrono Boost)  
  14  0:18  Pylon  
  14  0:22  Probe (Chrono Boost)  
  15  0:30  Assimilator  
  15  0:40  Gateway  
  15  0:47  Assimilator  
  15  0:49  Probe  
  16  1:01  Probe  
  17  1:10  Gateway  
  17  1:13  Probe (Chrono Boost)  
  18  1:22  Probe (Chrono Boost)  
  19  1:30  Cybernetics Core  
  19  1:34  Probe  
  20  1:48  Pylon  
  20  2:02  Probe (Chrono Boost)  
  20  2:08  Warp Gate  
  21  2:10  Adept x2  
  25  2:24  Probe  
  26  2:33  Nexus  
  26  2:51  Pylon  
  26  2:55  Twilight Council  
  26  3:01  Stalker  
  28  3:11  Stalker  
  30  3:22  Probe  
  31  3:35  Dark Shrine  
  31  3:36  Stalker  
  31  3:40  Probe (Chrono Boost)  
  34  3:52  Robotics Facility  
  34  4:14  Probe (Chrono Boost), Gateway  
  34  4:21  Probe (Chrono Boost)  
  32  4:30  Probe (Chrono Boost)  
  34  4:32  Probe (Chrono Boost)  
  34  4:37  Immortal (Chrono Boost)  
  39  4:45  Probe  
  39  4:50  Dark Templar  
  39  4:51  Dark Templar  
  43  5:01  Pylon  
  43  5:04  Assimilator  
  43  5:06  Assimilator  
  43  5:10  Observer  
  44  5:23  Forge  
  44  5:28  Stalker x3  
  51  5:35  Probe (Chrono Boost)  
  51  5:39  Probe (Chrono Boost)  
  52  5:46  Probe (Chrono Boost)  
  52  5:48  Pylon, Probe (Chrono Boost)  
  54  5:55  Immortal  
  58  5:57  Stalker  
  58  6:03  Stalker  
  62  6:12  Dark Templar, Pylon  
  64  6:20  Stalker  
  60  6:43  Stalker x2  
  60  6:57  Immortal  
  60  6:59  Stalker  
  66  7:08  Protoss Ground Weapons Level 1 (Chrono Boost)  
  66  7:21  Probe (Chrono Boost)  
  66  7:22  Gateway  
  68  7:27  Probe (Chrono Boost)  
  68  7:28  Pylon  
  68  7:37  Stalker x3  
  72  8:00  Stalker x2  
  72  8:01  Stalker  
  78  8:06  Immortal (Chrono Boost)  
  76  8:20  Stalker  
  76  8:26  Probe x2  
  80  8:31  Dark Templar  
  82  8:51  Dark Templar  
  82  8:52  Dark Templar  
  86  9:08  Pylon  
  86  9:11  Pylon  
  86  9:20  Nexus  
  86  9:26  Probe x2  
Show
View Real Time Build Order
Export as new Build Order

A.I. 1 (Harder) Protoss 

Build Orders:  

Get SALT Encoding   

  12  0:00  Probe  
  13  0:13  Probe  
  14  0:20  Pylon  
  14  0:25  Probe  
  15  0:34  Probe  
  16  0:43  Probe  
  16  0:49  Assimilator  
  17  0:51  Probe  
  17  0:52  Gateway  
  18  0:59  Probe  
  18  1:02  Pylon  
  19  1:22  Probe  
  20  1:38  Zealot  
  22  1:40  Gateway  
  22  1:43  Cybernetics Core  
  22  1:45  Assimilator  
  22  2:00  Pylon  
  22  2:12  Warp Gate  
  22  2:18  Adept  
  24  2:29  Zealot  
  26  2:37  Pylon  
  26  2:45  Adept  
  28  2:56  Stalker  
  30  3:12  Adept  
  32  3:15  Pylon  
  32  3:26  Adept  
  34  3:34  Probe  
  34  3:39  Stalker  
  37  3:46  Probe  
  38  3:53  Adept  
  40  3:56  Forge  
  40  3:58  Probe  
  41  4:04  Pylon  
  41  4:06  Probe  
  41  4:09  Zealot  
  43  4:14  Probe  
  43  4:25  Probe  
  43  4:28  Adept  
  46  4:37  Probe  
  47  4:44  Adept  
  49  4:49  Probe  
  50  4:54  Adept  
  52  5:42  Protoss Ground Weapons Level 1  
  52  6:01  Stalker  
  54  6:04  Gateway  
  54  6:09  Pylon, Nexus  
  54  6:10  Stalker  
  56  6:12  Photon Cannon  
  56  6:24  Sentry  
  58  6:33  Stalker  
  58  6:34  Pylon  
  58  6:36  Robotics Facility  
  40  6:47  Stalker  
  38  6:56  Stalker  
  38  6:57  Photon Cannon  
  40  7:04  Zealot  
  42  7:13  Adept  
  44  7:20  Twilight Council  
  44  7:22  Probe  
  45  7:23  Probe, Observer  
  47  7:30  Zealot  
  47  7:34  Probe  
  47  7:36  Protoss Ground Armor Level 1  
  51  7:37  Probe  
  51  7:39  Zealot  
  49  7:46  Probe  
  49  7:47  Adept  
  31  7:59  Probe  
  26  8:10  Probe  
  15  8:50  Probe  
  15  8:51  Stalker  
  15  8:53  Stalker x2  
  15  9:00  Cybernetics Core  
  14  9:02  Probe  
  15  9:13  Probe  
  15  9:14  Zealot  
  18  9:21  Pylon  
Tags
 
League
Silver
Matchup
PvP
Spawn Locations
Cross Positions
Add a new tag
Caveats
  • Supply blocks, unpowered buildings, or Contaminate may cause inaccurate times.
  • Supply counts are checked every 10 seconds.